Map: Dusk Towers

Players

MZszHyY - Winner!

  • Race: Zerg Zerg
  • League: Diamond

LilDicky

  • Race: Terran Terran
  • League: Diamond

VOD

http://www.twitch.tv/tumescentpie

Description

Time

  • Played on: Dec. 1, 2015, 3:14 p.m.
  • Length: 5:58
Show
View Real Time Build Order
Export as new Build Order

MZszHyY Zerg - Winner!

Build Orders: Hatch First, Roach Nydus 

Get SALT Encoding   

  12  0:01  Drone  
  13  0:08  Drone  
  14  0:17  Overlord  
  14  0:36  Drone x3  
  17  0:51  Drone  
  17  0:56  Hatchery  
  17  0:59  Drone  
  18  1:08  Drone  
  19  1:13  Extractor  
  18  1:22  Drone  
  19  1:26  Spawning Pool  
  18  1:37  Overlord  
  18  1:41  Drone  
  19  2:00  Drone  
  20  2:02  Drone  
  21  2:12  Queen  
  21  2:13  Queen  
  21  2:14  Drone  
  21  2:15  Zergling x2  
  27  2:21  Zergling x2  
  28  2:30  Drone  
  28  2:32  Drone  
  30  2:48  Queen  
  30  2:50  Drone  
  30  2:51  Drone x3  
  35  2:55  Lair  
  35  2:57  Overlord  
  35  3:10  Drone  
  35  3:11  Extractor x2  
  35  3:12  Drone  
  35  3:16  Drone  
  35  3:18  Drone  
  37  3:22  Drone x3  
  37  3:24  Drone x4  
  44  3:29  Roach Warren  
  43  3:44  Overlord x2  
  42  4:11  Overlord, Nydus Network  
  41  4:18  Roach x7  
  41  4:21  Roach  
  41  4:23  Roach  
  59  4:28  Overlord  
  59  4:31  Roach x2  
  63  4:37  Roach x2  
  67  4:55  Roach x4  
  67  4:59  Overlord  
  75  5:07  Nydus Canal  
  75  5:11  Spore Crawler  
  75  5:12  Spore Crawler  
Show
View Real Time Build Order
Export as new Build Order

LilDicky Terran 

Build Orders: Liberator Opening, Reaper Expand 

Get SALT Encoding   

  12  0:01  SCV  
  13  0:13  SCV  
  14  0:18  Supply Depot  
  14  0:25  SCV  
  14  0:27  Refinery  
  15  0:39  SCV  
  16  0:45  Barracks  
  16  0:54  SCV  
  17  1:06  SCV  
  18  1:20  SCV  
  19  1:32  Reaper  
  21  1:36  Orbital Command  
  20  1:50  Command Center  
  20  2:01  Refinery  
  20  2:02  Factory  
  20  2:03  SCV  
  21  2:15  SCV  
  22  2:17  Barracks Tech Lab  
  22  2:20  Supply Depot  
  22  2:27  SCV  
  23  2:55  SCV  
  24  3:07  Orbital Command  
  24  3:12  Siege Tank  
  26  3:13  Marine  
  26  3:14  Command Center  
  26  3:16  SCV  
  28  3:27  Starport  
  28  3:32  Barracks Reactor  
  28  3:36  SCV  
  28  3:37  SCV  
  30  3:48  SCV  
  31  3:49  SCV, Liberator  
  31  3:51  Siege Tank  
  35  4:03  SCV x2  
  40  4:14  Marine  
  40  4:15  SCV, Marine  
  43  4:19  SCV  
  44  4:26  Siege Tank  
  44  4:27  SCV  
  44  4:28  Orbital Command  
  48  4:31  SCV  
  48  4:32  Refinery  
  48  4:33  Refinery  
  48  4:34  Marine x2  
  51  4:46  SCV  
  51  4:47  SCV  
  53  4:55  Orbital Command  
  53  4:59  SCV x2  
  56  5:03  Siege Tank  
  58  5:11  SCV  
  45  5:38  Marine  
Tags
 
Add a new tag
Caveats
  • Supply blocks, unpowered buildings, or Contaminate may cause inaccurate times.
  • Supply counts are checked every 10 seconds.